 Dungeon Crawl Stone Soup version 0.32-a0-872-g59262bdc9b (webtiles) character file.

Game seed: 4942356478295986976

774 Biggs the Shooter (level 7, -9/50 HPs)
             Began as a Coglin Hunter on Mar 31, 2024.
             Was an Initiate of Okawaru.
             Killed by divine providence
             ... invoked by an orc priest
              (12 damage)
             ... on level 8 of the Dungeon.
             The game lasted 00:06:07 (3901 turns).

Biggs the Shooter (Coglin Hunter)                   Turns: 3901, Time: 00:06:08

Health: -9/50      AC:  4    Str: 11 (12) XL:     7   Next: 84%
Magic:  7/7        EV: 11    Int:  6 (8)  God:    Okawaru [......]
Gold:   279        SH:  0    Dex: 17 (19) Spells: 6/6 levels left

rFire   . . .        a - +2 sling {Tepiltzin}
rCold   . . .        d - +0 sling {Esteban}
rNeg    . . .        c - +0 leather armour
rPois   .            (no helmet)
rElec   .            (no cloak)
rCorr   .            (no gloves)
SInv    .            n - +0 pair of boots
Will    .....        (amulet unavailable)
Stlth   ++           (ring unavailable)
HPRegen 0.28/turn    (ring unavailable)
MPRegen 0.10/turn    (no gizmo)

%: no passive effects
@: lethally poisoned (-9 -> -29), revving
A: off-hand wielding, slow wielding, warmup strikes, no jewellery
a: Invent Gizmo, Renounce Religion


You were on level 8 of the Dungeon.
You worshipped Okawaru.
Okawaru was noncommittal.
You visited 2 branches of the dungeon, and saw 8 of its levels.

You collected 279 gold pieces.

Inventory:

Hand Weapons
 a - a +2 sling (weapon) {Tepiltzin}
 d - a +0 sling (offhand) {Esteban}
Armour
 c - a +0 leather armour (worn)
 n - a +0 pair of boots (worn)
Wands
 t - a wand of mindburst (21)
Scrolls
 b - a scroll of butterflies
 f - 3 scrolls of vulnerability {unknown}
 g - 7 scrolls of teleportation {unknown}
 h - a scroll of silence {unknown}
 k - a scroll of enchant armour {unknown}
 o - a scroll of noise {unknown}
 p - a scroll of blinking {unknown}
 s - a scroll of identify {unknown}
Potions
 i - a potion of ambrosia
 l - a potion of magic {unknown}
 m - a potion of heal wounds {unknown}
 q - 2 potions of curing {unknown}
 r - a potion of enlightenment {unknown}


   Skills:
 + Level 2.0 Fighting
 - Level 7.7 Ranged Weapons
 - Level 1.7 Dodging
 - Level 0.7 Stealth
 - Level 5.0 Evocations


You had 6 spell levels left.
You didn't know any spells.
Your spell library contained the following spells:

 Spells                   Type           Power      Damage    Failure   Level
 Freeze                   Ice            0%         1d3       54%         1
 Magic Dart               Conj           0%         1d3       54%         1
 Blink                    Tloc           0%         N/A       69%         2
 Frozen Ramparts          Ice            0%         1d1       89%         3
 Hailstorm                Conj/Ice       0%         3d5       89%         3
 Cause Fear               Hex            0%         N/A       100%        4
 Alistair's Intoxication  Alch           0%         N/A       100%        5
 Borgnjor's Vile Clutch   Necr/Erth      0%         N/A       100%        5
 Fireball                 Conj/Fire      0%         3d3       100%        5
 Eringya's Noxious Bog    Alch           0%         4d6       100%        6
 Call Imp                 Summ           Unusable   N/A       N/A         2
 Dragon's Call            Summ           Unusable   N/A       N/A         9

Dungeon Overview and Level Annotations

Branches:
Dungeon (8/15)             Temple (1/1) D:5
   Lair: D:8-11

Altars:
Ashenzari
Cheibriados
Dithmenos
Elyvilon
Fedhas
Gozag
Hepliaklqana
Kikubaaqudgha
Makhleb
Nemelex Xobeh
Okawaru
Qazlal
Ru
Sif Muna
Trog
Uskayaw
Vehumet
Xom
Yredelemnul
Zin
The Shining One

Shops:
D:2 =


Innate Abilities, Weirdness & Mutations

You can wield a second weapon in your off-hand.
It takes a long time for you to wield or remove held weapons.
Your first few attacks do less damage.
You cannot equip rings or amulets.


Message History

The sling bullet hits the orc priest but does no damage.
The orc priest is heavily wounded.
The orc hits you with a +0 hand axe.
The orc hits you with a +2 dagger of venom.
* * * LOW HITPOINT WARNING * * *
You are poisoned.
Fire: a) +2 sling {Tepiltzin}
Press: ? - help, Q - select action, (/) - cycle Shift-Dir - straight line, f/p - orc priest
Aim: an orc priest, wielding a +0 club (heavily wounded, 65% to hit)
Okay, then.
It was a potion of ambrosia.
You are confused.
You feel invigorated.
You feel very sick. The orc misses you. The orc priest barely misses you.
The orc hits you with a +2 dagger of venom.
* * * LOW HITPOINT WARNING * * *
You are lethally poisoned!
It was a potion of degeneration.
There was something very wrong with that liquid.
You feel weakened.
You feel dopey.
You feel clumsy.
* * * LOW HITPOINT WARNING * * *
You feel very sick. The orc hits you with a +0 hand axe.
* * * LOW HITPOINT WARNING * * *
The orc priest hits you with a +0 club.
* * * LOW HITPOINT WARNING * * *
The orc hits you but does no damage.
You are more poisoned.
It was a potion of cancellation.
Your magical effects are unravelling.
You feel magically purged.
You feel less invigorated.
You feel less confused.
* * * LOW HITPOINT WARNING * * *
You feel very sick. The orc hits you with a +0 hand axe!
* * * LOW HITPOINT WARNING * * *
The orc priest invokes the aid of Beogh against you.
Beogh smites you!
You die...

##..##...###....##
#....#...)....#
###....#...<....#
.###..............##
.........#......###
.........##....##
..........#....##
.....)##o###....##
......o@.........##
......o...........#
#.........####...##
##.........# #####
#.........##
#.......###
##....### .....
...##


You could see an orc priest and 2 orcs.

Vanquished Creatures
  A centaur (D:8)
  2 ogres (D:5)
  A scorpion (D:5)
  A gnoll bouda (D:5)
  2 jellies (D:5)
  A sleepcap (D:2)
  6 orc wizards
  Natasha (twice) (D:2)
  5 gnolls
  3 adders
  2 ufetubi (D:4)
  A dart slug (D:2)
  2 ribbon worms
  11 orcs
  6 endoplasms
  2 giant cockroaches
  4 goblins
  4 hobgoblins
  5 quokkas
  10 ball pythons
  8 bats
  2 frilled lizards (D:1)
  7 kobolds
  4 rats
92 creatures vanquished.

Notes
Turn   | Place    | Note
-------+----------+-------------------------------------------
     0 | D:1      | Biggs the Coglin Hunter began the quest for the Orb.
     0 | D:1      | Reached XP level 1. HP: 16/16 MP: 1/1
   234 | D:1      | Reached skill level 4 in Ranged Weapons
   234 | D:1      | Reached XP level 2. HP: 22/22 MP: 2/2
   518 | D:1      | Reached XP level 3. HP: 27/27 MP: 3/3
   885 | D:2      | Reached skill level 5 in Ranged Weapons
   885 | D:2      | Reached XP level 4. HP: 25/33 MP: 4/4
  1056 | D:2      | Found Viathri's Jewellery Shoppe.
  1079 | D:2      | Noticed Natasha
  1085 | D:2      | Killed Natasha
  1377 | D:2      | Noticed Natasha
  1388 | D:2      | Killed Natasha
  1389 | D:2      | Reached XP level 5. HP: 38/38 MP: 5/5
  1630 | D:3      | Found an opulent altar of Gozag.
  1783 | D:3      | Reached skill level 6 in Ranged Weapons
  1946 | D:3      | Reached XP level 6. HP: 44/44 MP: 6/6
  3231 | D:5      | Entered Level 5 of the Dungeon
  3370 | D:5      | Reached skill level 7 in Ranged Weapons
  3388 | D:5      | Reached XP level 7. HP: 39/50 MP: 7/7
  3536 | D:5      | Found a staircase to the Ecumenical Temple.
  3545 | Temple   | Entered the Ecumenical Temple
  3564 | Temple   | Became a worshipper of Warmaster Okawaru
  3601 | D:5      | You fall into a shaft and drop 3 floors!
  3898 | D:8      | Reached skill level 5 in Evocations
  3901 | D:8      | Killed from afar by an orc priest

Illustrated notes

Levels and vault maps discovered:
D:1:      dpeg_arrival_boxorama, layout_loops_ring
D:2:      layout_basic, serial_shops, shop, roderic_roman_lattice,
          minmay_misc_feat_rugged, uniq_natasha
D:3:      layout_loops_ring, grunt_gozag_statues, serial_co_window_serial,
          co_window_paths_a, co_window_of_opportunity_a, co_window_paths_a,
          co_window_paths_a, co_window_corner_a, co_window_corner_b,
          co_window_2corner, co_window_cross_4, co_window_broadway_b,
          co_window_cross_4, glass_columns_c, glass_columns_a, glass_columns_a,
          glass_columns_b, minmay_misc_feat_pillars
D:4:      layout_layer_cave
D:5:      layout_cave_pods, minmay_temple_entry_glass
D:7:      layout_layer_cave, minmay_misc_feat_ornament
D:8:      layout_cave_pools, grunt_lair_entry_orc_guard_hut, uniq_joseph
Temple:   nicolae_temple_slightly_damp_pantheon

Skill      XL: |  1  2  3  4  5  6  7 |
---------------+----------------------+-----
Ranged Weapons | 4 5 6 7 |  7.7
Evocations     | 5 |  5.0
Fighting       | |  2.0
Dodging        | |  1.7
Stealth        | |  0.7

Action                     |  1- 3 |  4- 6 |  7- 9 || total
---------------------------+-------+-------+-------++-------
   Fire: Sling             |   104 |   264 |   110 ||   478
    Use: Potion            |       |       |     3 ||     3
 Armour: Leather armour    |    18 |    30 |    19 ||    67
  Dodge: Dodged            |    11 |    20 |    23 ||    54

Table legend: (Time is in decaauts)
 A = Elapsed time spent in this place.
 B = Non-inter-level travel time spent in this place.
 C = Inter-level travel time spent in this place.
 D = Time resting spent in this place.
 E = Time spent auto-exploring this place.
 F = Levels seen in this place.
 G = Mean time per level.
                   A        B        C        D        E       F      G
               +--------+--------+--------+--------+--------+-----+--------+
         Total |   3941 |   3760 |    181 |    199 |   3099 |   8 |  492.6 |
       Dungeon |   3902 |   3757 |    145 |    199 |   3099 |   7 |  557.4 |
        Temple |     38 |      2 |     36 |      0 |      0 |   1 |   38.0 |
               +--------+--------+--------+--------+--------+-----+--------+

Top non-repeatable levels by time:
     D:3: 962 daAuts
     D:4: 800 daAuts
     D:1: 761 daAuts
     D:2: 741 daAuts
     D:5: 334 daAuts
     D:8: 272 daAuts
  Temple: 38 daAuts
     D:7: 29 daAuts
